 Dungeon Crawl Stone Soup version 0.31.0 (webtiles) character file.

Game seed: 2949381565747279619

31 qw the Shooter (level 3, -3/21 HPs)
             Began as a Gargoyle Hunter on Jan 19, 2024.
             Slain by a gnoll
             ... wielding a +0 whip
              (7 damage)
             ... on level 2 of the Dungeon.
             The game lasted 00:00:04 (1104 turns).

qw the Shooter (Gargoyle Hunter)                    Turns: 1104, Time: 00:00:04

Health: -3/21      AC:  8    Str: 14    XL:     3   Next: 22%
Magic:  3/3        EV: 10    Int:  9    God:
Gold:   60         SH:  0    Dex: 15    Spells: 2/2 levels left

rFire   . . .        a - +0 shortbow
rCold   . . .        (shield currently unavailable)
rNeg    + . .        h - +0 ring mail
rPois   inf          (no helmet)
rElec   +            (no cloak)
rCorr   .            (no gloves)
SInv    .            (no boots)
Will    .....        (no amulet)
Stlth   +            (no ring)
HPRegen 0.23/turn    (no ring)
MPRegen 0.08/turn

%: no passive effects
@: no status effects
A: sickness immunity, AC +3, negative energy resistance 1, electricity
resistance, torment resistance 1, petrification resistance
a: no special abilities


You were on level 2 of the Dungeon.
You visited 1 branch of the dungeon, and saw 2 of its levels.

You collected 60 gold pieces.


Innate Abilities, Weirdness & Mutations

You are immune to sickness and miasma.
Your stone body is resilient. (AC +3)
You are immune to poison.
You resist negative energy. (rN+)
You are resistant to electric shocks. (rElec)
You are resistant to unholy torment.
You are immune to petrification.


   Skills:
 - Level 2.1 Fighting
 - Level 5.0 Ranged Weapons
 + Level 0.4 Armour
 - Level 1.5 Dodging
 - Level 1.1 Stealth


You had 2 spell levels left.
You didn't know any spells.
Your spell library was empty.

Inventory:

Hand Weapons
 a - a +0 shortbow (weapon)
Armour
 h - a +0 ring mail (worn)
Potions
 i - a potion of might

Dungeon Overview and Level Annotations

Branches:
Dungeon (2/15)

Altars:

Shops:
D:1 [


Message History

The dart slug is moderately wounded.
You shoot an arrow. The arrow barely misses the dart slug.
You shoot an arrow. The arrow hits the dart slug.
The dart slug is severely wounded.
You shoot an arrow. The arrow hits the dart slug.
You kill the dart slug!
You see here a dart slug corpse.
Found a stone staircase leading down.
Found a scroll of poison.
You open the door.
There is a stone staircase leading down here.
There is an open door here.
A gnoll comes into view. It is wielding a +0 flail.
You shoot an arrow. The gnoll shouts!
The arrow hits the gnoll.
The gnoll is moderately wounded.
You hear a shout! x2
You shoot an arrow. The arrow hits the gnoll.
The gnoll is heavily wounded.
You shoot an arrow. The arrow hits the gnoll.
The gnoll is heavily wounded.
A gnoll comes into view. It is wielding a +0 whip.
The gnoll hits you with a +0 flail!
You shoot an arrow. The arrow barely misses the gnoll.
You shoot an arrow. The arrow barely misses the gnoll.
The arrow hits the gnoll.
The gnoll is heavily wounded.
A gnoll comes into view. It is wielding a +0 spear.
The gnoll closely misses you.
You shoot an arrow.
The arrow hits the gnoll but does no damage.
The gnoll completely misses you. The gnoll closely misses you.
The gnoll hits you with a +0 whip. The gnoll closely misses you.
You shoot an arrow.
The arrow hits the gnoll but does no damage.
The gnoll hits you with a +0 whip! The gnoll hits you but does no damage.
You shoot an arrow. The arrow hits the gnoll!
The gnoll is heavily wounded.
The gnoll hits you with a +0 whip!
You die... .<....%......# ##...........# .... #...........# .... #...........# ... #........##.# #.. #........##.# ##.. #........##.# #gg

#........##.# #g#
#...........###@#
#...........#...#
#########..>'.###
#...#...#
#...###..# #...#
#.# #...# ..#
....? ... .......
##


You could see 3 gnolls.

Vanquished Creatures
  A dart slug (D:2)
  2 bats (D:1)
  3 endoplasms (D:1)
  A hobgoblin (D:1)
  4 jackals (D:1)
  A quokka (D:1)
  11 ball pythons (D:1)
  A frilled lizard (D:1)
  2 kobolds (D:1)
  3 rats
29 creatures vanquished.

Notes
Turn   | Place    | Note
-------+----------+-------------------------------------------
     0 | D:1      | qw the Gargoyle Hunter began the quest for the Orb.
     0 | D:1      | Reached XP level 1. HP: 12/12 MP: 1/1
     0 | D:1      | 0 ||| qw: Version: 0.3-a-132-g3d54051
     0 | D:1      | 0 ||| qw: Game counter: 56
     0 | D:1      | 0 ||| qw: Melee chars always use a shield: true
     0 | D:1      | 0 ||| qw: God list: Okawaru
     0 | D:1      | 0 ||| qw: Allow faded altars: false
     0 | D:1      | 0 ||| qw: Do Orc after clearing Dungeon:15 true
     0 | D:1      | 0 ||| qw: Do second Lair branch before Depths: true
     0 | D:1      | 0 ||| qw: Lair rune preference: random
     0 | D:1      | 0 ||| qw: Goals: Normal
     0 | D:1      | 0 ||| PLANNING D:1-11
   120 | D:1      | Found Tolu Emy's Armour Emporium.
   129 | D:1      | 129 ||| SHOPLISTING +0 cloak (63 gold, have 4).
   129 | D:1      | 129 ||| SHOPLISTING +0 ring mail (56 gold, have 4).
   129 | D:1      | 129 ||| SHOPLISTING +2 helmet (231 gold, have 4).
   147 | D:1      | Reached XP level 2. HP: 17/17 MP: 2/2
   726 | D:1      | Reached XP level 3. HP: 17/21 MP: 3/3
   829 | D:1      | Reached skill level 5 in Ranged Weapons
   988 | D:1      | 988 ||| UPGRADING to +0 ring mail.
   998 | D:1      | 998 ||| DROPPING +0 leather armour.
   999 | D:1      | 999 ||| READING scroll labelled ZERPHU JAUSSI.
  1000 | D:1      | 1000 ||| READING 2 scrolls labelled TEPEETUX FIPN.
  1000 | D:1      | 1000 ||| IDENTIFYING pink potion
  1001 | D:1      | 1001 ||| READING scroll of identify.
  1001 | D:1      | 1001 ||| IDENTIFYING sedimented coppery potion
  1002 | D:1      | 1002 ||| READING scroll labelled KODEFI KANUPLY.
  1003 | D:1      | 1003 ||| DROPPING scroll of butterflies.
  1004 | D:1      | 1004 ||| DROPPING potion of invisibility.
  1103 | D:2      | HP: 4/21 [gnoll/+0 whip (7)]
  1104 | D:2      | Slain by a gnoll

Levels and vault maps discovered:
D:1:      saegor_arrival_under_anarchy, layout_basic, serial_shops, shop,
          st_stairs_12
D:2:      layout_basic

Skill      XL: |  1  2  3 |
---------------+----------+-----
Ranged Weapons | 5 |  5.0
Fighting       | |  2.1
Armour         | |  0.4
Dodging        | |  1.5
Stealth        | |  1.1

Action                     || total
---------------------------++-------
   Fire: Shortbow          ||    89
    Use: Scroll            ||     4
 Armour: Leather armour    ||    32
         Ring mail         ||     5
  Dodge: Dodged            ||    33

Table legend:
 A = Non-vault XP
 B = Vault XP
 C = Vault XP percentage of total XP
 D = Non-vault monster count
 E = Vault monster count
 F = Vault count percentage of total count
                 A         B        C        D         E       F
            +---------+---------+-------+---------+---------+-------
      Total |      44 |       1 |   2.2 |      28 |       1 |   3.4
            +---------+---------+-------+---------+---------+-------
        D:1 |      39 |       1 |   2.5 |      26 |       1 |   3.7
        D:2 |       5 |       0 |   0.0 |       2 |       0 |   0.0
            +---------+---------+-------+---------+---------+-------
